 Dungeon Crawl Stone Soup version 0.29.1-13-g9f3cf754e1 (webtiles) character file.

Game seed: 9713457756653986179

81 Exodus22XD the Poker (level 4, -1/34 HPs)
             Began as a Demonspawn Gladiator on Feb 3, 2023.
             Slain by an iguana (7 damage)
             ... on level 4 of the Dungeon.
             The game lasted 00:01:41 (1263 turns).

Exodus22XD the Poker (Demonspawn Gladiator)         Turns: 1263, Time: 00:01:42

Health: -1/34      AC:  7    Str: 22    XL:     4   Next: 19%
Magic:  4/4        EV: 12    Int:  9    God:
Gold:   94         SH:  4    Dex: 15    Spells: 3/3 levels left

rFire   . . .      SeeInvis .   a - +0 trident
rCold   . . .      Faith    .   (no shield)
rNeg    . . .      Spirit   .   i - +0 ring mail
rPois   .          Reflect  .   c - +0 helmet
rElec   .          Harm     .   (no cloak)
rCorr   .          Rampage  .   f - +0 pair of gloves
Will    .....                   (no boots)
Stlth   +.........              (no amulet)
HPRegen 0.11/turn               h - +6 ring of strength
MPRegen 0.09/turn               (no ring)

@: no status effects
A: large bone plates 1, demonic touch 1
a: no special abilities


You were on level 4 of the Dungeon.
You visited 1 branch of the dungeon, and saw 4 of its levels.

You collected 94 gold pieces.

Inventory:

Hand Weapons
 a - a +0 trident (weapon)
Missiles
 d - 3 throwing nets (quivered)
 e - a javelin
Armour
 c - a +0 helmet (worn)
 f - a +0 pair of gloves (worn)
 i - a +0 ring mail (worn)
Jewellery
 h - a +6 ring of strength (left hand)
Scrolls
 g - a scroll of teleportation {unknown}
 j - 2 scrolls of identify {unknown}
 l - a scroll of torment {unknown}
 m - 2 scrolls of fear {unknown}
 n - a scroll of magic mapping {unknown}
 o - a scroll of enchant weapon {unknown}
 q - a scroll of vulnerability {unknown}
Potions
 b - a potion of flight {unknown}
 k - a potion of haste {unknown}
 p - a potion of curing


   Skills:
 + Level 2.3 Fighting
 + Level 3.4 Polearms
 - Level 1.7 Throwing
 * Level 1.3 Armour
 + Level 3.2 Dodging
 + Level 0.4 Stealth
 + Level 0.6 Shields


You had 3 spell levels left.
You didn't know any spells.
Your spell library was empty.

Dungeon Overview and Level Annotations

Branches:
Dungeon (4/15)
 Temple: D:4-7

Altars:

Annotations:
D:2 Robin


Innate Abilities, Weirdness & Mutations

You are partially covered in large bone plates. (SH +4)
Your touch may inflict minor irresistible damage on your foes.


Message History

You block the iguana's attack.
You hit the iguana but do no damage.
The iguana is severely wounded.
The iguana bites you! The iguana attacks as you move away!
The iguana closely misses you.
You closely miss the iguana. Your touch misses the iguana.
The iguana is severely wounded.
The iguana bites you. The iguana attacks as you move away!
You block the iguana's attack.
There is a stone staircase leading up here.
You are too injured to fight recklessly!
You hit the iguana. Your touch misses the iguana.
The iguana is moderately wounded.
The iguana bites you.
You hit the iguana.
You touch the iguana!
The iguana is severely wounded.
The iguana bites you!
* * * LOW HITPOINT WARNING * * *
You hit the iguana. Your touch misses the iguana.
The iguana is almost dead.
The iguana closely misses you. The iguana misses you.
You hit the iguana.
The iguana is almost dead.
The iguana closely misses you.
Okay, then.
You barely miss the iguana.
The iguana is almost dead.
The iguana bites you but does no damage.
Unknown command.
You puncture the iguana!
You kill the iguana!
You have reached level 4!
You feel agile.
You hit the iguana.
The iguana is severely wounded.
The iguana barely misses you.
You barely miss the iguana.
The iguana is severely wounded.
The iguana bites you!
You die...

#. #. #.
##.####
..... ...
#.# #@#
##l#######
#.........
#..?######
#.<.#
#...#
#...#
#...#
#...#


You could see an iguana.

Vanquished Creatures
  An iguana (D:4)
  An adder (D:3)
  2 dart slugs (D:1)
  3 endoplasms (D:1)
  3 giant cockroaches (D:1)
  7 goblins
  7 hobgoblins
  2 quokkas
  A ball python (D:1)
  A bat (D:1)
  4 kobolds (D:1)
  3 rats
35 creatures vanquished.

Vanquished Creatures (others)
  A withered plant (D:1)
1 creature vanquished.

Grand Total: 36 creatures vanquished

Notes
Turn   | Place    | Note
-------+----------+-------------------------------------------
     0 | D:1      | Exodus22XD the Demonspawn Gladiator began the quest for the
                  | Orb.
     0 | D:1      | Reached XP level 1. HP: 16/16 MP: 1/1
    39 | D:1      | Found a faded altar of an unknown god.
   109 | D:1      | Gained mutation: You are partially covered in large bone
                  | plates. (SH +4) [demonic ancestry]
   109 | D:1      | Reached XP level 2. HP: 22/22 MP: 2/2
   551 | D:1      | Gained mutation: Your touch may inflict minor irresistible
                  | damage on your foes. [demonic ancestry]
   551 | D:1      | Reached XP level 3. HP: 27/27 MP: 3/3
   973 | D:2      | Reached skill level 1 in Armour
   974 | D:2      | Noticed Robin
  1262 | D:4      | Reached XP level 4. HP: 6/34 MP: 4/4
  1263 | D:4      | Slain by an iguana

Illustrated notes

Levels and vault maps discovered:
D:1:      minmay_arrival_checkered_box, layout_basic,
          ebering_ecumenical_altar_petrified
D:2:      layout_basic, basic_altar, serial_bayou_ford_a, uniq_robin,
          uniq_crazy_yiuf_cottage
D:3:      layout_loops_corners, nicolae_hepliaklqana_hippocampus, nrook_uturn
D:4:      layout_loops_ring, lemuel_temple_firewalk_b

Skill      XL: |  1  2  3 |
---------------+----------+-----
Dodging        | 3 |  3.2
Polearms       | 3 |  3.4
Armour         | 1 |  1.3
Fighting       | |  2.3
Throwing       | |  1.7
Stealth        | |  0.4
Shields        | |  0.6

Action                   |  1- 3 |  4- 6 || total
-------------------------+-------+-------++-------
Melee: Trident           |   118 |     2 ||   120
       Punch             |     1 |       ||     1
       Touch             |     4 |       ||     4
  Use: Potion            |     1 |       ||     1
 Stab: Distracted        |     1 |       ||     1
Armor: Leather armour    |     6 |       ||     6
       Ring mail         |    39 |       ||    39
Dodge: Dodged            |    73 |     1 ||    74
Block: Other             |    24 |       ||    24
